 Dungeon Crawl Stone Soup version 0.31.0-11-ge490571c62 (webtiles) character file.

Game seed: 6937041526814958349

177 qw the Skirmisher (level 5, -5/29 HPs)
             Began as a Deep Elf Hunter on Feb 4, 2024.
             Slain by a hornet (9 damage)
             ... on level 4 of the Dungeon.
             The game lasted 00:00:07 (2281 turns).

qw the Skirmisher (Deep Elf Hunter)                 Turns: 2281, Time: 00:00:08

Health: -5/29      AC:  5    Str: 10    XL:     5   Next: 30%
Magic:  7/7        EV: 12    Int: 14    God:
Gold:   156        SH:  0    Dex: 18    Spells: 4/4 levels left

rFire   . . .        a - +3 shortbow
rCold   . . .        (shield currently unavailable)
rNeg    . . .        c - +0 leather armour
rPois   .            (no helmet)
rElec   .            l - +1 cloak
rCorr   .            (no gloves)
SInv    .            (no boots)
Will    .....        (no amulet)
Stlth   ++           o - +4 ring of slaying {mikee}
HPRegen 0.24/turn    (no ring)
MPRegen 0.10/turn

%: no passive effects
@: about to teleport, slowed, very slow
A: no striking features
a: no special abilities


You were on level 4 of the Dungeon.
You visited 1 branch of the dungeon, and saw 4 of its levels.

You collected 156 gold pieces.


   Skills:
 - Level 1.5 Fighting
 + Level 8.8 Ranged Weapons
 - Level 2.4 Dodging
 - Level 1.2 Stealth


You had 4 spell levels left.
You didn't know any spells.
Your spell library was empty.

Inventory:

Hand Weapons
 a - a +3 shortbow (weapon)
Armour
 c - a +0 leather armour (worn)
 g - a +0 ring mail
 l - a +1 cloak (worn)
Jewellery
 o - a +4 ring of slaying (left hand) {mikee}
Potions
 b - a potion of might
 d - a potion of attraction {unknown}
 e - a potion of curing {unknown}
 f - a potion of heal wounds {unknown}
 i - a potion of haste {unknown}
 j - a potion of degeneration {unknown}
 k - a potion of mutation {unknown}

Dungeon Overview and Level Annotations

Branches:
Dungeon (4/15)
 Temple: D:4-7

Altars:


Message History

You climb downwards.
You hear the hiss of flowing sand.
There is an entrance to an ossuary on this level.
Hurry and find it before the portal is buried!
There is a stone staircase leading up here.
Waypoint 3 assigned to D:4.
2217 ||| PLANNING OSSUARY
There is a stone staircase leading up here.
f - a ruby potion An adder comes into view.
You shoot an arrow. The arrow hits the adder!
The adder hisses angrily.
The adder is heavily wounded.
You shoot an arrow. The arrow hits the adder!
You kill the adder!
g - a +0 ring mail You hear the slow hiss of an avalanche of sand very nearby.
A hornet comes into view.
You shoot an arrow. The arrow hits the hornet.
The hornet buzzes angrily.
The hornet is lightly wounded.
You shoot an arrow. The arrow closely misses the hornet.
You shoot an arrow. The arrow hits the hornet!
The hornet is moderately wounded.
You shoot an arrow. The arrow hits the hornet!
The hornet is heavily wounded.
The hornet stings you but does no damage.
You shoot an arrow. The arrow hits the hornet!
The hornet is severely wounded.
The hornet stings you.
You feel yourself slow down.
You shoot an arrow. The arrow hits the hornet.
The hornet is severely wounded.
The hornet stings you!
You suddenly lose the ability to move!
The hornet stings you!
You feel as though you will be slow longer.
You can move again.
2281 ||| READING scroll of teleportation.
As you read the scroll of teleportation, it crumbles to dust.
You feel strangely unstable. The hornet stings you!
You die...

#...#....### ##....
#...###...####.....
.# ##..##
###..........
....##...#
##.........
##.....###
#.........
..........##
#...###....
###+#####..# #..###
##### ##...##..#
#.@..#..# #...y...#
#..##....# #..#
##..## ...# ....#
###. ...... #
#..... ##...


You could see a hornet.

Vanquished Creatures
  3 gnolls (D:3)
  9 adders
  3 dart slugs
  2 ribbon worms (D:3)
  4 bats
  7 endoplasms
  5 giant cockroaches
  3 goblins (D:3)
  5 hobgoblins
  3 kobolds (D:2)
  A quokka (D:1)
  8 ball pythons
  4 frilled lizards
  2 rats
59 creatures vanquished.

Notes
Turn   | Place    | Note
-------+----------+-------------------------------------------
     0 | D:1      | qw the Deep Elf Hunter began the quest for the Orb.
     0 | D:1      | Reached XP level 1. HP: 12/12 MP: 3/3
     0 | D:1      | 0 ||| qw: Version: 0.3-a-160-g6735b56
     0 | D:1      | 0 ||| qw: Game counter: 5553
     0 | D:1      | 0 ||| qw: Melee chars always use a shield: true
     0 | D:1      | 0 ||| qw: God list: Okawaru
     0 | D:1      | 0 ||| qw: Allow faded altars: false
     0 | D:1      | 0 ||| qw: Do Orc after clearing Dungeon:15 true
     0 | D:1      | 0 ||| qw: Do second Lair branch before Depths: true
     0 | D:1      | 0 ||| qw: Lair rune preference: random
     0 | D:1      | 0 ||| qw: Goals: Normal
     0 | D:1      | 0 ||| PLANNING D:1-11
   161 | D:1      | Reached skill level 6 in Ranged Weapons
   161 | D:1      | Reached XP level 2. HP: 16/16 MP: 4/4
   451 | D:1      | 451 ||| UPGRADING to +1 cloak.
   456 | D:1      | 456 ||| READING scroll labelled RAROISSUPIR.
   457 | D:1      | 457 ||| READING 2 scrolls labelled WADUQUZUAN.
   457 | D:1      | 457 ||| ENCHANTING +0 shortbow.
   458 | D:1      | 458 ||| READING scroll of enchant weapon.
   458 | D:1      | 458 ||| ENCHANTING +1 shortbow.
   459 | D:1      | 459 ||| READING scroll labelled DIVERU MAEDESCH.
   464 | D:1      | 464 ||| READING scroll labelled QUSAR TUIVORYOSY.
   565 | D:1      | 565 ||| READING scroll labelled TEXAPS VYFREN.
   566 | D:1      | 566 ||| DROPPING scroll of butterflies.
   572 | D:2      | Found a faded altar of an unknown god.
   596 | D:2      | Reached XP level 3. HP: 20/20 MP: 5/5
   620 | D:2      | 620 ||| READING scroll of enchant weapon.
   620 | D:2      | 620 ||| ENCHANTING +2 shortbow.
   631 | D:2      | Reached skill level 7 in Ranged Weapons
   838 | D:2      | Reached XP level 4. HP: 25/25 MP: 6/6
  1171 | D:3      | 1171 ||| PLANNING SEWER
  1358 | D:3      | Reached skill level 8 in Ranged Weapons
  1397 | D:3      | Reached XP level 5. HP: 12/29 MP: 7/7
  1872 | D:3      | 1872 ||| RIP SEWER
  1882 | D:3      | 1882 ||| PLANNING D:1-11
  1979 | D:3      | 1979 ||| DROPPING amulet of magic regeneration.
  1980 | D:3      | 1980 ||| UPGRADING to +4 ring of slaying {mikee}.
  1981 | D:3      | 1981 ||| READING scroll labelled RIONUOC ISMIST.
  1981 | D:3      | 1981 ||| IDENTIFYING red potion
  1983 | D:3      | 1983 ||| READING scroll labelled PIULI WUKETI.
  1984 | D:3      | 1984 ||| DRINKING 2 smoky sapphire potions.
  1985 | D:3      | 1985 ||| FLEEEEING.
  1986 | D:3      | 1986 ||| FLEEEEING.
  1987 | D:3      | 1987 ||| FLEEEEING.
  1988 | D:3      | 1988 ||| FLEEEEING.
  1989 | D:3      | 1989 ||| FLEEEEING.
  1990 | D:3      | 1990 ||| FLEEEEING.
  1991 | D:3      | 1991 ||| FLEEEEING.
  1992 | D:3      | 1992 ||| FLEEEEING.
  1993 | D:3      | 1993 ||| FLEEEEING.
  1994 | D:3      | 1994 ||| FLEEEEING.
  1995 | D:3      | 1995 ||| FLEEEEING.
  1996 | D:3      | 1996 ||| FLEEEEING.
  1997 | D:3      | 1997 ||| FLEEEEING.
  1998 | D:3      | 1998 ||| FLEEEEING.
  1999 | D:3      | 1999 ||| FLEEEEING.
  2000 | D:3      | 2000 ||| FLEEEEING.
  2001 | D:3      | 2001 ||| FLEEEEING.
  2002 | D:3      | 2002 ||| FLEEEEING.
  2003 | D:3      | 2003 ||| FLEEEEING.
  2004 | D:3      | 2004 ||| FLEEEEING.
  2005 | D:3      | 2005 ||| FLEEEEING.
  2006 | D:3      | 2006 ||| FLEEEEING.
  2007 | D:3      | 2007 ||| FLEEEEING.
  2194 | D:3      | 2194 ||| READING scroll labelled XOEMECR NUMENN.
  2195 | D:3      | 2195 ||| DROPPING potion of berserk rage.
  2217 | D:4      | 2217 ||| PLANNING OSSUARY
  2274 | D:4      | Noticed a hornet
  2280 | D:4      | Paralysed by a hornet for 1 turns
  2280 | D:4      | HP: 3/29 [hornet (8)]
  2281 | D:4      | 2281 ||| READING scroll of teleportation.
  2281 | D:4      | Slain by a hornet

Levels and vault maps discovered:
D:1:      tekkud_arrival_beachfront_property, layout_rooms
D:2:      layout_loops_ring, basic_ecumenical_altar
D:3:      layout_loops_corners, cheibrodos_sewer_entry_bend
D:4:      layout_layer_cave, gup_ossuary_entry_pyramid, kennysheep_flooded_box,
          st_stairs_7, minmay_shop_grid_forest

Skill      XL: |  1  2  3  4 |
---------------+-------------+-----
Ranged Weapons | 6 7 8 |  8.8
Fighting       | |  1.5
Dodging        | |  2.4
Stealth        | |  1.2

Action                     |  1- 3 |  4- 6 || total
---------------------------+-------+-------++-------
   Fire: Shortbow          |    55 |    75 ||   130
    Use: Scroll            |     7 |     4 ||    11
         Potion            |       |     1 ||     1
 Armour: Leather armour    |     4 |    19 ||    23
  Dodge: Dodged            |     2 |     7 ||     9

Table legend:
 A = Non-vault XP
 B = Vault XP
 C = Vault XP percentage of total XP
 D = Non-vault monster count
 E = Vault monster count
 F = Vault count percentage of total count
                 A         B        C        D         E       F
            +---------+---------+-------+---------+---------+-------
      Total |     249 |       4 |   1.6 |      58 |       1 |   1.7
            +---------+---------+-------+---------+---------+-------
        D:1 |      30 |       0 |   0.0 |      17 |       0 |   0.0
        D:2 |     105 |       0 |   0.0 |      19 |       0 |   0.0
        D:3 |     100 |       4 |   3.8 |      21 |       1 |   4.5
        D:4 |      14 |       0 |   0.0 |       1 |       0 |   0.0
            +---------+---------+-------+---------+---------+-------
